 Dungeon Crawl Stone Soup version 0.29-a0-341-g24ffce5b50 (webtiles) character file.

Game seed: 4080028307626457974

0 spaghetti the Sneak (level 1, -2/19 (21) HPs)
             Began as a Naga Delver on Apr 20, 2022.
             Slain by Grinder (4 damage)
             ... while paralysed by Grinder
             ... on level 5 of the Dungeon.
             The game lasted 00:00:56 (458 turns).

spaghetti the Sneak (Naga Delver)                    Turns: 458, Time: 00:00:57

HP:   -2/19 (21)    AC:  1    Str: 14    XL:     1   Next: 10%
MP:   1/1           EV:  1    Int: 10    God:
Gold: 0             SH:  0    Dex: 12    Spells: 0/0 levels left

rFire   . . .      SeeInvis +   h - +2 dagger (drain) {short}
rCold   . . .      Faith    .   (no shield)
rNeg    . . .      Spirit   .   b - +0 leather armour
rPois   +          Reflect  .   (no helmet)
rElec   .          Harm     .   (no cloak)
rCorr   .          Rampage  .   (no gloves)
Will    .....                   (no barding)
Stlth   +++.......              (no amulet)
HPRegen 0.06/turn               (no ring)
MPRegen 0.07/turn               (no ring)

@: paralysed, short of breath, drained, very slow
A: AC +0, large, see invisible, deformed body, poison resistance, slowness 2,
spit poison 1, naga tail 1
a: Spit Poison


You were on level 5 of the Dungeon.
You visited 1 branch of the dungeon, and saw 2 of its levels.


Innate Abilities, Weirdness & Mutations

Your serpentine skin is tough. (AC +0)
You have supernaturally acute eyesight. (SInv)
Armour fits poorly on your strangely shaped body.
Your system is resistant to poisons. (rPois)
You cover ground very slowly.
You can spit poison.
You have a snake-like lower body.


   Skills:
 - Level 3.0 Fighting
 - Level 2.0 Long Blades
 - Level 1.5 Dodging
 + Level 7.3 Stealth


You couldn't memorise any spells.
You didn't know any spells.
Your spell library contained the following spells:

 Spells                   Type           Power      Damage    Failure   Level
 Tukima's Dance           Hex            0%         N/A       82%         3
 Passage of Golubria      Tloc           0%         N/A       99%         4
 Summon Ice Beast         Ice/Summ       0%         N/A       99%         4
 Summon Mana Viper        Hex/Summ       0%         N/A       100%        5
 Yara's Violent Unravell  Hex/Tmut       0%         3d3       100%        5
 Monstrous Menagerie      Summ           0%         N/A       100%        7

Inventory:

Hand Weapons
 a - a +0 falchion {long}
 h - a +2 dagger of draining (weapon) {short}
   (You took it off a goblin on level 4 of the Dungeon)
Armour
 b - a +0 leather armour (worn)
Jewellery
 i - a ring of poison resistance
   (You found it on level 4 of the Dungeon)
Wands
 g - a wand of digging (3)
Scrolls
 c - a scroll of fog
 d - a scroll of magic mapping {!r}
 j - 2 scrolls of amnesia

Dungeon Overview and Level Annotations

Branches:
Dungeon (5/15)
 Temple: D:4-7

Altars:

Annotations:
D:5 Grinder

#..... #.....
+..... #.....
#.....
#############.....
#@5...#.....#.....
#.....#.....'.....
#.....'.....#.....
#.....#.....#.....
########'##.#.....
..........#######.
..........# #.
..........# #.
..........# #.


You could see Grinder.


Message History

h - a +2 dagger of draining {short}
i - a ring of poison resistance You have got your breath back.
Okay, then.
You sense an unholy aura.
h - a +2 dagger of draining (weapon)
{short} You start resting. 😎 HP[+8]
Your hp is fully restored (19).
(D) Dungeon
Where to? (? - help)
There is a stone staircase leading down here.
You climb downwards.
There is a stone staircase leading up here.
Key pressed, stopping explore.
You open the door.
There is an open door here.
Key pressed, stopping explore.
You pick up Great Wizards, Vol.
VII and begin reading...
You add the spells Tukima's Dance, Passage of Golubria and Yara's Violent Unravelling to your library.
You open the door.
There is an open door here.
There is an open door here.
Key pressed, stopping explore.
j - 3 scrolls labelled PEMIFI DEVVALL Key pressed, stopping explore.
Key pressed, stopping explore.
You open the door.
There is an open door here.
You open the door.
There is an open door here.
You pick up a book of Beasts and begin reading...
You add the spells Summon Ice Beast, Summon Mana Viper and Monstrous Menagerie to your library.
Okay, then.
You open the door.
There is an open door here.
Found a stone staircase leading up.
There is an open door here.
You open the door.
Grinder comes into view.
Unknown command.
Unknown command.
There is an open door here.
Grinder shouts!
Grinder misses you.
You hit Grinder but do no damage. Grinder barely misses you.
Aiming: Spit Poison (3% risk of failure)
Press: ? - help, Shift-Dir - straight line, f - Grinder
Aim: Grinder (48% to hit)
The splash of poison hits Grinder.
Grinder hits you!
Ouch! That really hurt!
* * * LOW HITPOINT WARNING * * *
You writhe in agony.
* * * LOW HITPOINT WARNING * * *
😨 HP[-14]
You take 14 damage, and now have 5/19 hp.
MASSIVE DAMAGE!! (PAUSE)
Okay, then.
As you read the scroll of fear, it crumbles to dust.
You assume a fearsome visage.
Grinder looks frightened!
Grinder blinks!
As you read the scroll labelled PEMIFI DEVVALL, it crumbles to dust.
It is a scroll of amnesia.
You feel forgetful for a moment.
Grinder blinks!
Unknown command.
You feel yourself speed up.
Grinder blinks!
As you close the door, it creaks loudly!
Okay, then.
You have got your breath back.
You start resting.
Your extra speed is starting to run out.
You feel yourself slow down.
Grinder opens the door.
Unknown command. 😕 HP[+10]
You regained 10 hp, and now have 15/19 hp.
Unknown command.
Aiming: Spit Poison (3% risk of failure)
Press: ? - help, Shift-Dir - straight line, f - you, p - Grinder
Okay, then. 😕 HP[+1] Grinder shouts!
Aiming: Spit Poison (3% risk of failure)
Press: ? - help, Shift-Dir - straight line, f/p - Grinder
Aim: Grinder (48% to hit)
The splash of poison misses Grinder.
Okay, then.
Okay, then.
Okay, then.
You aren't carrying any potions.
Unknown command.
You hit Grinder but do no damage. Grinder barely misses you.
You hit Grinder but do no damage. Grinder gestures at you.
You suddenly lose the ability to move!
Grinder gestures at you. Pain shoots through your body! Grinder hits you!
* * * LOW HITPOINT WARNING * * *
You writhe in agony.
You die...

Action                   || total
-------------------------++-------
Melee: Dagger            ||     3
       Falchion          ||     1
 Abil: Spit Poison       ||     3
  Use: Scroll            ||     2
       Potion            ||     1
 Stab: Sleeping          ||     1
Dodge: Dodged            ||     3

Levels and vault maps discovered:
D:4:      layout_basic, chequers_serial_rivers_room_b, uniq_duvessa
D:5:      layout_gridville, uniq_grinder

Notes
Turn   | Place    | Note
-------+----------+-------------------------------------------
     0 | D:5      | spaghetti the Naga Delver began the quest for the Orb.
     0 | D:5      | Reached XP level 1. HP: 21/21 MP: 1/1
     0 | D:5      | magus.rc [v1.9.6]
   166 | D:5      | You add the spells Tukima's Dance, Passage of Golubria and
                  | Yara's Violent Unravelling to your library.
   243 | D:5      | You pick up a book of Beasts and begin reading...
   243 | D:5      | You add the spells Summon Ice Beast, Summon Mana Viper and
                  | Monstrous Menagerie to your library.
   252 | D:5      | Noticed Grinder
   456 | D:5      | Paralysed by Grinder for 4 turns
   458 | D:5      | HP: 2/19 [Grinder (9)]
   458 | D:5      | Slain by Grinder

Vanquished Creatures
  A goblin (D:4)
1 creature vanquished.

Table legend:
 A = Non-vault XP
 B = Vault XP
 C = Vault XP percentage of total XP
 D = Non-vault monster count
 E = Vault monster count
 F = Vault count percentage of total count
                 A         B        C        D         E       F
            +---------+---------+-------+---------+---------+-------
      Total |       1 |       0 |   0.0 |       1 |       0 |   0.0
            +---------+---------+-------+---------+---------+-------
        D:4 |       1 |       0 |   0.0 |       1 |       0 |   0.0
            +---------+---------+-------+---------+---------+-------

Illustrated notes

Table legend:
 A = Kills in this place as a percentage of kills in entire the game.
 B = Kills by you in this place as a percentage of kills by you in the entire game.
 C = Kills by friends in this place as a percentage of kills by friends in the entire game.
 D = Other kills in this place as a percentage of other kills in the entire game.
 E = Experience gained in this place as a percentage of experience gained in the entire game.
 F = Experience gained in this place divided by the number of levels of this place that you have seen.
                   A       B       C       D       E      F
               +-------+-------+-------+-------+-------+----------------------
         Total | 100.0 | 100.0 |   N/A |   N/A | 100.0 |   0.5
       Dungeon | 100.0 | 100.0 |   N/A |   N/A | 100.0 |   0.5
               +-------+-------+-------+-------+-------+----------------------

Table legend: (Time is in decaauts)
 A = Elapsed time spent in this place.
 B = Non-inter-level travel time spent in this place.
 C = Inter-level travel time spent in this place.
 D = Time resting spent in this place.
 E = Time spent auto-exploring this place.
 F = Levels seen in this place.
 G = Mean time per level.
                   A        B        C        D        E       F      G
               +--------+--------+--------+--------+--------+-----+--------+
         Total |    489 |    481 |      8 |    276 |    154 |   2 |  244.5 |
       Dungeon |    489 |    481 |      8 |    276 |    154 |   2 |  244.5 |
               +--------+--------+--------+--------+--------+-----+--------+

Top non-repeatable levels by time:
     D:5: 355 daAuts
     D:4: 134 daAuts
